 Dungeon Crawl Stone Soup version 0.29.0-4-gdea44cf6ec (webtiles) character file.

Game seed: 11232092528353308546

8269 qw the Grappler (level 11, -2/101 (105) HPs)
             Began as a Troll Cinder Acolyte on Aug 31, 2022.
             Was a Believer of Ignis.
             Slain by a death scarab (21 damage)
             ... in a Gauntlet.
             The game lasted 00:04:37 (7883 turns).

qw the Grappler (Troll Cinder Acolyte)              Turns: 7883, Time: 00:04:38

HP:   -2/101 (105)  AC: 13    Str: 28      XL:     11   Next: 7%
MP:   11/11         EV:  9    Int: 10      God:    Ignis [**....]
Gold: 619           SH:  0    Dex:  4 (5)  Spells: 12/12 levels left

rFire   + + +      SeeInvis +     - Unarmed
rCold   + . .      Faith    .   (no shield)
rNeg    . . .      Spirit   .   a - +0 robe
rPois   .          Reflect  .   m - +2 hat
rElec   .          Harm     .   o - scarf {rC+ rF+}
rCorr   .          Rampage  .   (gloves unavailable)
Will    .....      NoTele   +   (boots unavailable)
Stlth   +.........              (no amulet)
HPRegen 1.06/turn               g - ring of protection from fire
MPRegen 0.12/turn               (no ring)

@: fiery-armoured, slowed, lightly drained, very slow
A: large, unfitting armour, claws 3, regeneration 1, shaggy fur 1, tough skin 1,
hooves 1, see invisible, deterioration 1
a: Renounce Religion, Fiery Armour, Foxfire Swarm, Rising Flame


You were in a Gauntlet.
You worshipped Ignis.
Ignis was pleased with you.
You visited 2 branches of the dungeon, and saw 9 of its levels.
You also visited: Ossuary and Gauntlet.

You collected 619 gold pieces.


Innate Abilities, Weirdness & Mutations

You are too large for most types of armour.
You have claws for hands.
Your natural rate of healing is unusually fast.
You are covered in fur. (AC +1)
You have tough skin. (AC +1)
You have large cloven feet.
You have supernaturally acute eyesight. (SInv)
Your body sometimes deteriorates upon taking damage.


   Skills:
 - Level 6.0 Fighting
 - Level 6.1 Throwing
 - Level 1.2 Dodging
 + Level 14.4 Unarmed Combat
 - Level 1.0 Spellcasting
 - Level 2.1 Fire Magic


You had 12 spell levels left.
You didn't know any spells.
Your spell library contained the following spells:

 Spells                   Type           Power      Damage    Failure   Level
 Scorch                   Fire           8%         2d5       22%         2

Inventory:

Missiles
 h - a silver boomerang
 n - 4 large rocks (quivered)
Armour
 a - a +0 robe (worn)
 m - a +2 hat (worn)
 o - a scarf of resistance (worn)
Jewellery
 c - a ring of fire
 g - a ring of protection from fire (left claw)
Scrolls
 b - 3 scrolls of enchant weapon
 d - 2 scrolls of identify
 l - a scroll of enchant armour
Potions
 e - a potion of resistance
 f - 6 potions of might
 i - 8 potions of curing
 j - 3 potions of cancellation
 k - 2 potions of mutation

Dungeon Overview and Level Annotations

Branches:
Dungeon (8/15)             Temple (0/1) D:4            Lair (1/5) D:8
Ossuary (visited)         Gauntlet (1/1)

Altars:
Ashenzari
Dithmenos
Elyvilon
Kikubaaqudgha
Ru
Wu Jian
Yredelemnul
The Shining One

Annotations:
D:3 7 runed translucent doors, Crazy Yiuf; qw's ghost, amateur TeWr; qw's ghost, weakling TrCA
D:4 3 runed translucent doors, qw's ghost, amateur TeWr Gauntlet 7 transporters, 1 runed translucent door


Message History

Your body deteriorates!
You feel clumsy. The death scarab drains your vigour!
You feel as though you will be slow longer.
The death scarab draws strength from your injuries!
The death scarab is burned by your cloak of flames.
The death scarab is moderately damaged.
The death scarab bites you. The death scarab drains your vigour!
You feel as though you will be slow longer.
The death scarab draws strength from your injuries!
The death scarab is burned by your cloak of flames.
The death scarab is moderately damaged.
The spectral black mamba bites you.
You feel drained.
The spectral black mamba is burned by your cloak of flames.
The spectral black mamba is lightly damaged.
The spectral black mamba barely misses you.
You scratch the spectral black mamba but do no damage.
The spectral black mamba is lightly damaged.
The death scarab barely misses you.
The spectral black mamba barely misses you.
The death scarab bites you. The death scarab drains your vigour!
You feel as though you will be slow longer.
The death scarab draws strength from your injuries!
The death scarab is burned by your cloak of flames.
The death scarab is lightly damaged.
The spectral black mamba bites you but does no damage.
You barely miss the death scarab. Your kick misses the death scarab.
The death scarab is lightly damaged.
The death scarab completely misses you. The spectral black mamba bites you.
You feel drained.
The spectral black mamba is burned by your cloak of flames.
The spectral black mamba is lightly damaged.
The death scarab bites you. The death scarab drains your vigour!
You feel as though you will be slow longer.
The death scarab draws strength from your injuries!
The death scarab is burned by your cloak of flames.
The death scarab is lightly damaged.
You closely miss the death scarab.
The death scarab is lightly damaged.
The death scarab bites you!!
You die...

## ### ### ### ### ###
##~###~###~###~###~###~##
#~~~#~~~#~~~#~~~#~~~#~~~#
#~......................
##.#########...#########
##~.#..##...#.8.#......^#
#~~.#.#...###...#.###+#.# #..
##~.#?#..#..#####.#¤¤.#.# #.8.
##.#^[#@#ZZ#^.^#^#¤^.#.#
#...##..#.:#BZ#.#.8.#?#~..#.#
#.8.#...###.B.#.#...#.###'#.#
#...#.\.#...##.Z#.8.#^......#
.#.^.#...#########...#########
#.....#.8.....#.....8.#........
#.#.^.#...#########...#########
# #...#.\.#.......#.8.#Q......#
#.8.#...#.####..#...#?..##..#


You could see a spectral black mamba, a spectral five-headed hydra, a spectral
death yak and 2 death scarabs.

Vanquished Creatures
  Pikel (D:4)
  A black mamba (Lair:1)
  An elephant (D:8)
  2 komodo dragons (Lair:1)
  Grinder (D:4)
  2 hornets (Gauntlet)
  5 flying skulls (Gauntlet)
  3 wyverns
  3 steam dragons
  Edmund (D:4)
  Menkaure (D:6)
  A spectral cane toad (Gauntlet)
  3 water moccasins
  3 sky beasts
  2 black bears (D:8)
  3 ice beasts
  2 ogres
  5 wolves (Lair:1)
  2 lemures (D:4)
  4 phantoms
  3 kobold brigands
  8 bullfrogs
  4 scorpions
  A gnoll sergeant (D:7)
  3 wights (D:8)
  3 hounds
  A gnoll bouda (D:7)
  2 orc priests
  2 jellies
  Jessica (D:2)
  3 iguanas
  13 orc wizards
  3 mummies
  13 gnolls (D:7)
  5 adders
  2 shadow imps (D:6)
  2 adder zombies
  2 dart slugs
  27 orcs
  8 ball pythons
  3 bats
  4 endoplasms
  3 giant cockroaches
  4 gnoll zombies (Ossuary)
  5 goblins
  4 hobgoblins
  17 kobolds
  5 quokkas
  3 frilled lizards
  A giant cockroach zombie (D:3)
  6 hobgoblin zombies (Ossuary)
  9 kobold zombies
  4 orc zombies (Ossuary)
  6 rats
226 creatures vanquished.

Vanquished Creatures (others)
  A fungus (D:8)
  2 plants
  5 withered plants (D:3)
8 creatures vanquished.

Grand Total: 234 creatures vanquished

Notes
Turn   | Place    | Note
-------+----------+-------------------------------------------
     0 | D:1      | qw the Troll Cinder Acolyte began the quest for the Orb.
     0 | D:1      | Reached XP level 1. HP: 22/22 MP: 1/1
     0 | D:1      | 0 ||| qw: Version: 0.1-a-97-g2dd2ca4
     0 | D:1      | 0 ||| qw: Game counter: 4481
     0 | D:1      | 0 ||| qw: Always use a shield: true
     0 | D:1      | 0 ||| qw: God list: Okawaru
     0 | D:1      | 0 ||| qw: Allow faded altars: false
     0 | D:1      | 0 ||| qw: Do Orc after D:15 true
     0 | D:1      | 0 ||| qw: Do second Lair branch before Depths: true
     0 | D:1      | 0 ||| qw: Lair rune preference: random
     0 | D:1      | 0 ||| qw: Plans: Normal
     0 | D:1      | 0 ||| PLANNING D:1-11
   219 | D:1      | Reached XP level 2. HP: 29/29 MP: 2/2
   860 | D:1      | 860 ||| READING scroll labelled AMUGE PAPUETWET.
   861 | D:1      | 861 ||| READING scroll labelled JEUKEAXTICH.
   862 | D:1      | 862 ||| READING scroll labelled QUADGH PIAMONT.
   863 | D:1      | 863 ||| DRINKING 2 glowing purple potions.
   964 | D:1      | 964 ||| DRINKING 2 lumpy blue potions.
   965 | D:1      | 965 ||| DROPPING potion of ambrosia.
  1014 | D:2      | Reached skill level 4 in Unarmed Combat
  1060 | D:2      | Reached XP level 3. HP: 36/36 MP: 3/3
  1064 | D:2      | Identified the +8 ring mail of Zoel {Drain rC+ Will++}
  1088 | D:2      | Noticed Jessica
  1094 | D:2      | Killed Jessica
  1212 | D:2      | Reached XP level 4. HP: 44/44 MP: 4/4
  1279 | D:2      | Reached skill level 5 in Unarmed Combat
  1428 | D:2      | 1428 ||| Stepping ~*~*~tactically~*~*~ (stealth).
  1431 | D:2      | 1431 ||| Stepping ~*~*~tactically~*~*~ (stealth).
  1433 | D:2      | 1433 ||| Stepping ~*~*~tactically~*~*~ (stealth).
  1443 | D:2      | 1443 ||| UPGRADING to ring of protection from fire.
  1444 | D:2      | 1444 ||| READING scroll labelled JULOVO PAFORR.
  1587 | D:3      | Found a runed translucent gate.
  1587 | D:3      | Found a runed translucent gate.
  1587 | D:3      | Found a runed translucent gate.
  1594 | D:3      | Noticed qw's ghost (weakling TrCA)
  1594 | D:3      | Noticed qw's ghost (amateur TeWr)
  1835 | D:3      | Found a runed translucent gate.
  1835 | D:3      | Found a runed translucent gate.
  1835 | D:3      | Found a runed translucent gate.
  1835 | D:3      | Noticed qw's ghost (amateur TeWr)
  1837 | D:3      | 1837 ||| DROPPING ring of wizardry.
  1838 | D:3      | Found a basalt altar of Yredelemnul.
  1839 | D:3      | 1839 ||| READING scroll labelled ANAGU HIMOO.
  1908 | D:3      | Found a faded altar of an unknown god.
  1947 | D:3      | Found a runed translucent door.
  1948 | D:3      | Noticed Crazy Yiuf
  2023 | D:3      | 2023 ||| READING scroll labelled XIWADIKHLER.
  2024 | D:3      | 2024 ||| DRINKING 3 fizzy green potions.
  2089 | D:4      | Found an ancient bone altar of Kikubaaqudgha.
  2121 | D:4      | Noticed Grinder
  2122 | D:4      | 2122 ||| Stepping ~*~*~tactically~*~*~ (hiding).
  2124 | D:4      | Noticed a bullfrog
  2129 | D:4      | Killed Grinder
  2130 | D:4      | Reached skill level 6 in Unarmed Combat
  2130 | D:4      | Reached XP level 5. HP: 43/50 MP: 5/5
  2130 | D:4      | Reached XP level 6. HP: 51/59 MP: 6/6
  2133 | D:4      | Reached skill level 7 in Unarmed Combat
  2162 | D:4      | Noticed Pikel
  2163 | D:4      | 2163 ||| Stepping ~*~*~tactically~*~*~ (stealth).
  2171 | D:4      | 2171 ||| Stepping ~*~*~tactically~*~*~ (stealth).
  2174 | D:4      | 2174 ||| Stepping ~*~*~tactically~*~*~ (outnumbered).
  2175 | D:4      | 2175 ||| INVOKING Fiery Armour.
  2176 | D:4      | 2176 ||| Stepping ~*~*~tactically~*~*~ (outnumbered).
  2177 | D:4      | 2177 ||| Stepping ~*~*~tactically~*~*~ (outnumbered).
  2178 | D:4      | 2178 ||| Stepping ~*~*~tactically~*~*~ (outnumbered).
  2179 | D:4      | 2179 ||| Stepping ~*~*~tactically~*~*~ (outnumbered).
  2198 | D:4      | Killed Pikel
  2199 | D:4      | Reached skill level 9 in Unarmed Combat
  2199 | D:4      | Reached XP level 7. HP: 32/66 MP: 7/7
  2199 | D:4      | 2199 ||| Stepping ~*~*~tactically~*~*~ (outnumbered).
  2297 | D:4      | Noticed Edmund
  2301 | D:4      | 2301 ||| INVOKING Fiery Armour.
  2307 | D:4      | 2307 ||| Stepping ~*~*~tactically~*~*~ (outnumbered).
  2308 | D:4      | 2308 ||| Stepping ~*~*~tactically~*~*~ (outnumbered).
  2309 | D:4      | 2309 ||| Stepping ~*~*~tactically~*~*~ (outnumbered).
  2311 | D:4      | 2311 ||| Stepping ~*~*~tactically~*~*~ (outnumbered).
  2312 | D:4      | 2312 ||| Stepping ~*~*~tactically~*~*~ (outnumbered).
  2313 | D:4      | 2313 ||| Stepping ~*~*~tactically~*~*~ (outnumbered).
  2314 | D:4      | 2314 ||| Stepping ~*~*~tactically~*~*~ (outnumbered).
  2315 | D:4      | 2315 ||| Stepping ~*~*~tactically~*~*~ (outnumbered).
  2315 | D:4      | HP: 15/66 [poisoned by Edmund]
  2316 | D:4      | 2316 ||| Stepping ~*~*~tactically~*~*~ (outnumbered).
  2317 | D:4      | 2317 ||| Stepping ~*~*~tactically~*~*~ (outnumbered).
  2318 | D:4      | 2318 ||| Stepping ~*~*~tactically~*~*~ (outnumbered).
  2319 | D:4      | 2319 ||| Stepping ~*~*~tactically~*~*~ (outnumbered).
  2320 | D:4      | 2320 ||| Stepping ~*~*~tactically~*~*~ (outnumbered).
  2320 | D:4      | HP: 10/66 [poisoned by Edmund]
  2321 | D:4      | 2321 ||| Stepping ~*~*~tactically~*~*~ (outnumbered).
  2322 | D:4      | 2322 ||| Stepping ~*~*~tactically~*~*~ (outnumbered).
  2323 | D:4      | Killed Edmund
  2324 | D:4      | Reached skill level 3 in Fighting
  2324 | D:4      | HP: 4/67 [poisoned by Edmund]
  2398 | D:4      | Found a runed translucent gate.
  2408 | D:4      | Noticed qw's ghost (amateur TeWr)
  2409 | D:4      | Found a runed translucent gate.
  2410 | D:4      | Found a runed translucent gate.
  2436 | D:4      | Found a staircase to the Ecumenical Temple.
  2552 | D:4      | 2552 ||| Stepping ~*~*~tactically~*~*~ (stealth).
  2567 | D:4      | 2567 ||| Stepping ~*~*~tactically~*~*~ (stealth).
  2571 | D:4      | Reached skill level 1 in Dodging
  2571 | D:4      | Reached XP level 8. HP: 67/75 MP: 8/8
  2782 | D:4      | Found a glowing golden altar of the Shining One.
  2798 | D:4      | 2798 ||| READING scroll labelled HARAOW TEU.
  2799 | D:4      | 2799 ||| DRINKING 2 blue potions.
  2799 | D:4      | Gained mutation: You are strong-willed. (Will+) [potion of
                  | mutation]
  2799 | D:4      | Gained mutation: Your body sometimes deteriorates upon
                  | taking damage. [potion of mutation]
  2799 | D:4      | Gained mutation: You are frail. (-10% HP) [potion of
                  | mutation]
  2800 | D:4      | 2800 ||| DRINKING potion of mutation.
  2800 | D:4      | Lost mutation: You are frail. (-10% HP) [potion of
                  | mutation]
  2800 | D:4      | Lost mutation: You are strong-willed. (Will+) [potion of
                  | mutation]
  2800 | D:4      | Gained mutation: You have large cloven feet. [potion of
                  | mutation]
  2800 | D:4      | Gained mutation: You have supernaturally acute eyesight.
                  | (SInv) [potion of mutation]
  2808 | D:4      | 2808 ||| READING 3 scrolls of identify.
  2808 | D:4      | 2808 ||| IDENTIFYING grey potion
  2809 | D:4      | 2809 ||| READING 2 scrolls of identify.
  2809 | D:4      | 2809 ||| IDENTIFYING bubbling white potion
  2810 | D:4      | 2810 ||| DROPPING potion of flight.
  2811 | D:4      | 2811 ||| DROPPING potion of lignification.
  2842 | D:5      | Entered Level 5 of the Dungeon
  2958 | D:5      | 2958 ||| Stepping randomly (stuck).
  2960 | D:5      | 2960 ||| Stepping randomly (stuck).
  2962 | D:5      | 2962 ||| Stepping randomly (stuck).
  2963 | D:5      | 2963 ||| Stepping randomly (stuck).
  2964 | D:5      | 2964 ||| Stepping randomly (stuck).
  2965 | D:5      | 2965 ||| Stepping randomly (stuck).
  2966 | D:5      | 2966 ||| Stepping randomly (stuck).
  3059 | D:5      | Reached skill level 10 in Unarmed Combat
  3108 | D:5      | 3108 ||| Stepping ~*~*~tactically~*~*~ (hiding).
  3123 | D:5      | 3123 ||| Stepping ~*~*~tactically~*~*~ (hiding).
  3776 | D:5      | 3776 ||| Stepping ~*~*~tactically~*~*~ (hiding).
  3777 | D:5      | 3777 ||| Stepping ~*~*~tactically~*~*~ (hiding).
  4000 | D:5      | 4000 ||| READING scroll labelled SAT DI FICHATI.
  4001 | D:5      | 4001 ||| READING 2 scrolls of identify.
  4001 | D:5      | 4001 ||| IDENTIFYING brown potion
  4027 | D:6      | 4027 ||| PLANNING OSSUARY
  4041 | D:6      | 4041 ||| Stepping ~*~*~tactically~*~*~ (stealth).
  4042 | D:6      | 4042 ||| Stepping ~*~*~tactically~*~*~ (stealth).
  4043 | D:6      | 4043 ||| Stepping ~*~*~tactically~*~*~ (hiding).
  4044 | D:6      | 4044 ||| Stepping ~*~*~tactically~*~*~ (hiding).
  4045 | D:6      | 4045 ||| Stepping ~*~*~tactically~*~*~ (hiding).
  4047 | D:6      | 4047 ||| Stepping ~*~*~tactically~*~*~ (outnumbered).
  4048 | D:6      | 4048 ||| Stepping ~*~*~tactically~*~*~ (outnumbered).
  4049 | D:6      | 4049 ||| Stepping ~*~*~tactically~*~*~ (outnumbered).
  4050 | D:6      | 4050 ||| Stepping ~*~*~tactically~*~*~ (outnumbered).
  4051 | D:6      | 4051 ||| Stepping ~*~*~tactically~*~*~ (outnumbered).
  4052 | D:6      | 4052 ||| Stepping ~*~*~tactically~*~*~ (outnumbered).
  4053 | D:6      | 4053 ||| Stepping ~*~*~tactically~*~*~ (outnumbered).
  4062 | D:6      | 4062 ||| INVOKING Fiery Armour.
  4312 | D:6      | Reached skill level 11 in Unarmed Combat
  4405 | D:6      | Found a sand-covered staircase.
  4412 | D:6      | 4412 ||| READING scroll labelled QUTU JUIRCH.
  4425 | Ossuary  | Entered an ossuary
  4458 | Ossuary  | 4458 ||| INVOKING Fiery Armour.
  4566 | Ossuary  | 4566 ||| DRINKING 2 glowing grey potions.
  4567 | Ossuary  | 4567 ||| DRINKING 3 purple potions.
  4568 | Ossuary  | 4568 ||| DRINKING 3 cyan potions.
  4569 | Ossuary  | 4569 ||| READING 2 scrolls of identify.
  4569 | Ossuary  | 4569 ||| IDENTIFYING fizzy coppery potion
  4570 | Ossuary  | 4570 ||| DROPPING potion of brilliance.
  4571 | Ossuary  | 4571 ||| DROPPING potion of degeneration.
  4577 | D:6      | 4577 ||| PLANNING D:1-11
  4730 | D:6      | Reached XP level 9. HP: 80/84 MP: 9/9
  4732 | D:6      | 4732 ||| Stepping ~*~*~tactically~*~*~ (stealth).
  4743 | D:6      | 4743 ||| Stepping ~*~*~tactically~*~*~ (stealth).
  4801 | D:6      | 4801 ||| Stepping ~*~*~tactically~*~*~ (hiding).
  4804 | D:6      | Reached skill level 12 in Unarmed Combat
  4804 | D:6      | 4804 ||| Stepping ~*~*~tactically~*~*~ (hiding).
  4866 | D:6      | Noticed Menkaure
  4870 | D:6      | 4870 ||| INVOKING Fiery Armour.
  4875 | D:6      | Killed Menkaure
  5228 | D:7      | 5228 ||| INVOKING Fiery Armour.
  5229 | D:7      | Reached skill level 13 in Unarmed Combat
  5301 | D:7      | Found a sacrificial altar of Ru.
  5302 | D:7      | Found a shadowy altar of Dithmenos.
  5302 | D:7      | Found a white marble altar of Elyvilon.
  5306 | D:7      | Found an ornate altar of the Wu Jian Council.
  5411 | D:7      | 5411 ||| Stepping ~*~*~tactically~*~*~ (hiding).
  5417 | D:7      | 5417 ||| Stepping ~*~*~tactically~*~*~ (hiding).
  5447 | D:7      | 5447 ||| Stepping ~*~*~tactically~*~*~ (hiding).
  5450 | D:7      | 5450 ||| Stepping ~*~*~tactically~*~*~ (hiding).
  5514 | D:7      | 5514 ||| Stepping ~*~*~tactically~*~*~ (stealth).
  5515 | D:7      | 5515 ||| Stepping ~*~*~tactically~*~*~ (stealth).
  5517 | D:7      | 5517 ||| Stepping ~*~*~tactically~*~*~ (stealth).
  5521 | D:7      | 5521 ||| Stepping ~*~*~tactically~*~*~ (stealth).
  5524 | D:7      | 5524 ||| Stepping ~*~*~tactically~*~*~ (stealth).
  5530 | D:7      | 5530 ||| Stepping ~*~*~tactically~*~*~ (outnumbered).
  5532 | D:7      | 5532 ||| Stepping ~*~*~tactically~*~*~ (outnumbered).
  5533 | D:7      | 5533 ||| Stepping ~*~*~tactically~*~*~ (outnumbered).
  5539 | D:7      | 5539 ||| Stepping ~*~*~tactically~*~*~ (outnumbered).
  5544 | D:7      | 5544 ||| Stepping ~*~*~tactically~*~*~ (outnumbered).
  5547 | D:7      | 5547 ||| FLEEEEING.
  5597 | D:7      | 5597 ||| Stepping ~*~*~tactically~*~*~ (hiding).
  5709 | D:7      | Reached XP level 10. HP: 96/96 MP: 10/10
  6086 | D:8      | 6086 ||| Stepping ~*~*~tactically~*~*~ (stealth).
  6138 | D:8      | 6138 ||| Stepping ~*~*~tactically~*~*~ (hiding).
  6147 | D:8      | Reached skill level 1 in Throwing
  6148 | D:8      | 6148 ||| FLEEEEING.
  6149 | D:8      | 6149 ||| FLEEEEING.
  6150 | D:8      | 6150 ||| FLEEEEING.
  6151 | D:8      | 6151 ||| FLEEEEING.
  6152 | D:8      | 6152 ||| FLEEEEING.
  6153 | D:8      | 6153 ||| FLEEEEING.
  6227 | D:8      | Found a broken altar of Ashenzari.
  6324 | D:8      | Noticed a two-headed ogre
  6331 | D:8      | 6331 ||| Stepping ~*~*~tactically~*~*~ (outnumbered).
  6332 | D:8      | 6332 ||| Stepping ~*~*~tactically~*~*~ (outnumbered).
  6335 | D:8      | 6335 ||| Stepping ~*~*~tactically~*~*~ (outnumbered).
  6337 | D:8      | 6337 ||| Stepping ~*~*~tactically~*~*~ (outnumbered).
  6337 | D:8      | HP: 18/96 [two-headed ogre/+0 giant club (16)]
  6338 | D:8      | 6338 ||| FLEEEEING.
  6339 | D:8      | 6339 ||| FLEEEEING.
  6340 | D:8      | 6340 ||| FLEEEEING.
  6341 | D:8      | 6341 ||| FLEEEEING.
  6342 | D:8      | 6342 ||| FLEEEEING.
  6343 | D:8      | 6343 ||| FLEEEEING.
  6344 | D:8      | 6344 ||| FLEEEEING.
  6345 | D:8      | 6345 ||| FLEEEEING.
  6346 | D:8      | 6346 ||| FLEEEEING.
  6347 | D:8      | 6347 ||| FLEEEEING.
  6348 | D:8      | 6348 ||| FLEEEEING.
  6349 | D:8      | 6349 ||| FLEEEEING.
  6350 | D:8      | 6350 ||| FLEEEEING.
  6351 | D:8      | 6351 ||| FLEEEEING.
  6352 | D:8      | 6352 ||| FLEEEEING.
  6353 | D:8      | 6353 ||| FLEEEEING.
  6354 | D:8      | 6354 ||| FLEEEEING.
  6355 | D:8      | 6355 ||| FLEEEEING.
  6356 | D:8      | 6356 ||| FLEEEEING.
  6357 | D:8      | 6357 ||| FLEEEEING.
  6358 | D:8      | 6358 ||| FLEEEEING.
  6359 | D:8      | 6359 ||| FLEEEEING.
  6360 | D:8      | 6360 ||| FLEEEEING.
  6361 | D:8      | 6361 ||| FLEEEEING.
  6362 | D:8      | 6362 ||| FLEEEEING.
  6363 | D:8      | 6363 ||| FLEEEEING.
  6364 | D:8      | 6364 ||| FLEEEEING.
  6365 | D:8      | 6365 ||| FLEEEEING.
  6366 | D:8      | 6366 ||| FLEEEEING.
  6367 | D:8      | 6367 ||| FLEEEEING.
  6368 | D:8      | 6368 ||| FLEEEEING.
  6369 | D:8      | 6369 ||| FLEEEEING.
  6370 | D:8      | 6370 ||| FLEEEEING.
  6371 | D:8      | 6371 ||| FLEEEEING.
  6372 | D:8      | 6372 ||| FLEEEEING.
  6373 | D:8      | 6373 ||| FLEEEEING.
  6374 | D:8      | 6374 ||| FLEEEEING.
  6375 | D:8      | 6375 ||| FLEEEEING.
  6376 | D:8      | 6376 ||| FLEEEEING.
  6377 | D:8      | 6377 ||| FLEEEEING.
  6378 | D:8      | 6378 ||| FLEEEEING.
  6379 | D:8      | 6379 ||| FLEEEEING.
  6380 | D:8      | 6380 ||| FLEEEEING.
  6381 | D:8      | 6381 ||| FLEEEEING.
  6382 | D:8      | 6382 ||| FLEEEEING.
  6383 | D:8      | 6383 ||| FLEEEEING.
  6384 | D:8      | 6384 ||| FLEEEEING.
  6385 | D:8      | 6385 ||| FLEEEEING.
  6386 | D:8      | 6386 ||| FLEEEEING.
  6387 | D:8      | 6387 ||| FLEEEEING.
  6388 | D:8      | 6388 ||| FLEEEEING.
  6389 | D:8      | 6389 ||| FLEEEEING.
  6390 | D:8      | 6390 ||| FLEEEEING.
  6391 | D:8      | 6391 ||| FLEEEEING.
  6392 | D:8      | 6392 ||| FLEEEEING.
  6393 | D:8      | 6393 ||| FLEEEEING.
  6394 | D:8      | 6394 ||| FLEEEEING.
  6395 | D:8      | 6395 ||| FLEEEEING.
  6396 | D:8      | 6396 ||| FLEEEEING.
  6397 | D:8      | 6397 ||| FLEEEEING.
  6398 | D:8      | 6398 ||| FLEEEEING.
  6399 | D:8      | 6399 ||| FLEEEEING.
  6400 | D:8      | 6400 ||| FLEEEEING.
  6401 | D:8      | 6401 ||| FLEEEEING.
  6403 | D:8      | 6403 ||| STAIRDANCE
  6406 | D:7      | 6406 ||| INVOKING Fiery Armour.
  6409 | D:7      | HP: 15/96 [two-headed ogre/+0 giant club (12)]
  6410 | D:7      | 6410 ||| READING scroll of teleportation.
  6411 | D:7      | 6411 ||| DRINKING 3 potions of heal wounds.
  6412 | D:7      | 6412 ||| DRINKING 2 potions of heal wounds.
  6473 | D:7      | 6473 ||| UPGRADING to +1 hat.
  6478 | D:7      | 6478 ||| READING 2 scrolls of enchant armour.
  6478 | D:7      | 6478 ||| ENCHANTING +1 hat.
  6479 | D:7      | 6479 ||| DROPPING +6 ring of intelligence.
  6480 | D:7      | 6480 ||| READING 3 scrolls of identify.
  6480 | D:7      | 6480 ||| IDENTIFYING fuming inky potion
  6481 | D:7      | 6481 ||| DROPPING potion of berserk rage.
  6596 | D:8      | Noticed an elephant
  6597 | D:8      | 6597 ||| Stepping ~*~*~tactically~*~*~ (stealth).
  6600 | D:8      | 6600 ||| Stepping ~*~*~tactically~*~*~ (stealth).
  6601 | D:8      | 6601 ||| Stepping ~*~*~tactically~*~*~ (stealth).
  6607 | D:8      | Reached skill level 3 in Throwing
  6611 | D:8      | Killed an elephant
  6634 | D:8      | Found a staircase to the Lair.
  6707 | D:8      | 6707 ||| INVOKING Fiery Armour.
  6711 | D:8      | 6711 ||| FLEEEEING.
  6712 | D:8      | 6712 ||| FLEEEEING.
  6713 | D:8      | 6713 ||| FLEEEEING.
  6714 | D:8      | 6714 ||| FLEEEEING.
  6715 | D:8      | 6715 ||| FLEEEEING.
  6716 | D:8      | 6716 ||| FLEEEEING.
  6717 | D:8      | 6717 ||| STAIRDANCE
  6730 | D:8      | 6730 ||| STAIRDANCE
  6737 | D:8      | 6737 ||| STAIRDANCE
  7051 | D:8      | 7051 ||| PLANNING LAIR
  7082 | Lair:1   | Entered Level 1 of the Lair of Beasts
  7083 | Lair:1   | 7083 ||| PLANNING GAUNTLET
  7144 | Lair:1   | 7144 ||| Stepping ~*~*~tactically~*~*~ (stealth).
  7198 | Lair:1   | Noticed a black mamba
  7204 | Lair:1   | Killed a black mamba
  7250 | Lair:1   | Reached skill level 14 in Unarmed Combat
  7296 | Lair:1   | 7296 ||| Stepping ~*~*~tactically~*~*~ (stealth).
  7362 | Lair:1   | Reached skill level 6 in Fighting
  7505 | Lair:1   | Found a gate leading to a gauntlet.
  7506 | Lair:1   | 7506 ||| READING scroll labelled ATEFYFF BIKE.
  7515 | Gauntlet | Entered a Gauntlet
  7515 | Gauntlet | Found a transporter.
  7515 | Gauntlet | Found a transporter.
  7523 | Gauntlet | Noticed a smoke demon
  7533 | Gauntlet | Found a transporter.
  7537 | Gauntlet | Found a transporter.
  7541 | Gauntlet | Found a runed translucent door.
  7541 | Gauntlet | Found a runed translucent door.
  7545 | Gauntlet | Found a transporter.
  7549 | Gauntlet | Found a transporter.
  7552 | Gauntlet | Noticed a death scarab
  7554 | Gauntlet | Noticed a spectral five-headed hydra
  7556 | Gauntlet | Noticed a spectral death yak
  7556 | Gauntlet | Noticed a death scarab
  7557 | Gauntlet | Found a transporter.
  7575 | Gauntlet | Noticed a ghost crab
  7577 | Gauntlet | Found a transporter.
  7588 | Gauntlet | Found a transporter.
  7592 | Gauntlet | Found a transporter.
  7597 | Gauntlet | Noticed a tengu warrior
  7600 | Gauntlet | Found a transporter.
  7604 | Gauntlet | Found a transporter.
  7653 | Gauntlet | Paralysed by a hornet for 2 turns
  7655 | Gauntlet | 7655 ||| INVOKING Fiery Armour.
  7655 | Gauntlet | HP: 21/98 [hornet (11)]
  7656 | Gauntlet | 7656 ||| DRINKING potion of heal wounds.
  7657 | Gauntlet | Reached skill level 6 in Throwing
  7660 | Gauntlet | HP: 18/98 [poisoned by a hornet]
  7745 | Gauntlet | 7745 ||| DROPPING amulet of magic regeneration.
  7773 | Gauntlet | 7773 ||| Stepping ~*~*~tactically~*~*~ (outnumbered).
  7781 | Gauntlet | Reached XP level 11. HP: 60/105 MP: 11/11
  7786 | Gauntlet | 7786 ||| INVOKING Fiery Armour.
  7865 | Gauntlet | 7865 ||| UPGRADING to scarf of resistance.
  7881 | Gauntlet | HP: 23/103 [death scarab (4)]
  7883 | Gauntlet | Slain by a death scarab

Levels and vault maps discovered:
D:1:      shiori_arrival_elements, layout_basic, chequers_hall_statues_corner_a
D:2:      layout_rooms, uniq_jessica
D:3:      layout_rooms, nicolae_yredelemnul_ghost_church,
          gammafunk_ghost_cemetery, basic_ecumenical_altar,
          uniq_crazy_yiuf_cottage
D:4:      layout_cave_pools, tso_oasis_becter, mainiacjoe_overflow_alcove_2,
          temple_hall, gammafunk_ghost_nasty_kobolds, uniq_grinder, uniq_edmund,
          uniq_pikel
D:5:      layout_basic, minmay_a_box_with_orc_wizards_in_it
D:6:      minmay_razor_zed, layout_loops_ring, nicolae_ossuary_entry_giza,
          serial_bayou_pond_c, uniq_menkaure
D:7:      layout_basic, grunt_temple_overflow_open
D:8:      layout_loops_ring, ashenzari_conservatory_becter, david_lair_generic,
          nicolae_figureground_sparkle
Lair:1:   layout_chaotic_city, gauntlet_entry_generic, basic_altar,
          hellmonk_guarded_unrand_vines
Gauntlet: minmay_gauntlet_77_indecision [minmay_gauntlet_arena_77_museum,
          minmay_gauntlet_arena_77_broken_ladder,
          minmay_gauntlet_arena_77_two_lines,
          minmay_gauntlet_arena_77_shame_cube,
          minmay_gauntlet_arena_77_radiant_squares,
          minmay_gauntlet_arena_77_squiggly, dreamdust_gauntlet_exit_labyrinth]

Skill      XL: |  1  2  3  4  5  6  7  8  9 10 |
---------------+-------------------------------+-----
Unarmed Combat | 4 6 9 11 13 14 | 14.4
Fighting       | 3 4 5 6 |  6.0
Dodging        | 1 |  1.2
Throwing       | 6 |  6.1
Spellcasting   | |  1.0
Fire Magic     | |  2.1

Action                   |  1- 3 |  4- 6 |  7- 9 | 10-12 || total
-------------------------+-------+-------+-------+-------++-------
Melee: Unarmed           |    54 |    79 |   282 |   166 ||   581
       Punch             |       |       |    10 |     2 ||    12
       Kick              |       |       |    64 |    27 ||    91
Throw: Large rock        |       |       |       |    25 ||    25
       Boomerang         |       |       |       |     3 ||     3
Invok: Fiery Armour      |       |     1 |     5 |     4 ||    10
  Use: Scroll            |     3 |     3 |     7 |     4 ||    17
       Potion            |     2 |     1 |     5 |     3 ||    11
Armor: Robe              |    16 |    20 |    42 |    44 ||   122
Dodge: Dodged            |    17 |    25 |    88 |    73 ||   203

Table legend:
 A = Non-vault XP
 B = Vault XP
 C = Vault XP percentage of total XP
 D = Non-vault monster count
 E = Vault monster count
 F = Vault count percentage of total count
                 A         B        C        D         E       F
            +---------+---------+-------+---------+---------+-------
      Total |    6036 |    5777 |  48.9 |     157 |      67 |  29.9
            +---------+---------+-------+---------+---------+-------
        D:1 |      27 |       0 |   0.0 |      16 |       0 |   0.0
        D:2 |      64 |      37 |  36.6 |      22 |       1 |   4.3
        D:3 |       4 |       7 |  63.6 |       3 |       2 |  40.0
        D:4 |     224 |    1084 |  82.9 |      20 |       3 |  13.0
        D:5 |     543 |     209 |  27.8 |      12 |       6 |  33.3
        D:6 |     584 |    1576 |  73.0 |      13 |      19 |  59.4
        D:7 |    1234 |       0 |   0.0 |      37 |       0 |   0.0
        D:8 |     957 |     963 |  50.2 |      22 |       4 |  15.4
     Lair:1 |    2399 |       0 |   0.0 |      12 |       0 |   0.0
    Ossuary |       0 |      64 | 100.0 |       0 |      24 | 100.0
   Gauntlet |       0 |    1837 | 100.0 |       0 |       8 | 100.0
            +---------+---------+-------+---------+---------+-------
